 Dungeon Crawl Stone Soup version 0.22-a0-570-g58866f5 (webtiles) character file.

78 vierth the Covered (level 4, -7/40 HPs)
             Began as a Minotaur Fighter on June 30, 2018.
             Mangled by an orc
             ... wielding a cursed +0 trident
              (8 damage)
             ... on level 3 of the Dungeon.
             The game lasted 00:03:12 (1828 turns).

vierth the Covered (Minotaur Fighter)               Turns: 1828, Time: 00:03:13

Health: -7/40      AC:  7    Str: 22    XL:     4   Next: 15%
Magic:  3/3        EV:  7    Int:  5    God:
Gold:   82         SH:  9    Dex:  9    Spells: 3/3 levels left

rFire    . . .     SeeInvis .   a - +0 war axe
rCold    . . .     Gourm    .   c - +0 shield
rNeg     . . .     Faith    .   b - +0 scale mail
rPois    .         Spirit   .   (helmet restricted)
rElec    .         Reflect  .   (no cloak)
rCorr    .         Harm     .   (no gloves)
MR       .....                  (no boots)
Stlth    ..........             (no amulet)
HPRegen  0.13/turn              (no ring)
MPRegen  0.08/turn              (no ring)

@: no status effects
A: retaliatory headbutt, horns 2
a: no special abilities


You were on level 3 of the Dungeon.
You were not hungry.

You visited 1 branch of the dungeon, and saw 3 of its levels.

You collected 82 gold pieces.

Inventory:

Hand Weapons
 a - a +0 war axe (weapon)
Armour
 b - a +0 scale mail (worn)
 c - a +0 shield (worn)
Scrolls
 e - a scroll of blinking {unknown}
 g - a scroll of noise {unknown}
 j - 4 scrolls of teleportation {unknown}
 k - 2 scrolls of remove curse {unknown}
Potions
 d - a potion of might
 h - a potion of heal wounds {unknown}
 i - 2 potions of resistance {unknown}
 l - a potion of haste {unknown}
 m - a potion of brilliance {unknown}
Comestibles
 f - 6 rations


   Skills:
 + Level 4.1 Fighting
 * Level 3.7 Axes
 * Level 4.5 Armour
 + Level 4.1 Shields


You had 3 spell levels left.
You didn't know any spells.
Your spell library was empty.

Dungeon Overview and Level Annotations

Branches:
Dungeon (3/15)

Altars:
Cheibriados
Dithmenos
Fedhas
Nemelex Xobeh
Sif Muna
Trog
Uskayaw
The Shining One


Innate Abilities, Weirdness & Mutations

You reflexively headbutt those who attack you in melee.
You have a pair of horns on your head.


Message History

* * * LOW HITPOINT WARNING * * *
The orc closely misses you. Something hits you but does no damage.
The orc hits you but does no damage.
The orc hits you from afar with a trident.
* * * LOW HITPOINT WARNING * * *
You hear some strange, mumbled words.
Something tries to affect you, but you resist.
You miss the orc. Your headbutt misses the orc.
The orc is severely wounded.
You closely miss something. The orc barely misses you.
You hear some strange, mumbled words.
A puff of flame appears from out of thin air!
The puff of flame hits you!
* * * LOW HITPOINT WARNING * * *
The orc barely misses you.
You are too injured to fight recklessly!
You bump into the rock wall.
You feel less confused. Something completely misses you.
The orc hits you with a trident!
You die...

#.##... #.#...
##.#..# .....##
#..... #.
#.#.######.
.#..######..........
.......#@o.........#
........{..#[#####.
...###.#...#.# # #.#
#.#####.#
#.#.###.#.....# # ##
#.#.##....#####
#.##.###.........#
#.#.#.####.##...##
#..#.......###.##


You could see an orc.

Vanquished Creatures
  3 adders
  2 worms (D:2)
  2 dart slugs
  A leopard gecko (D:2)
  An orc (D:3)
  A ball python (D:2)
  2 giant cockroaches
  4 goblins
  4 hobgoblins
  6 kobolds
  2 quokkas (D:3)
  4 bats (D:1)
  3 frilled lizards
  4 rats
39 creatures vanquished.

Notes
Turn   | Place    | Note
-------+----------+-------------------------------------------
     0 | D:1      | vierth the Minotaur Fighter began the quest for the Orb.
     0 | D:1      | Reached XP level 1. HP: 19/19 MP: 0/0
   346 | D:1      | Reached XP level 2. HP: 27/27 MP: 1/1
   751 | D:2      | Reached XP level 3. HP: 33/33 MP: 2/2
   754 | D:2      | Found a faded altar of an unknown god.
   995 | D:2      | Found a shadowy altar of Dithmenos.
  1086 | D:2      | Found a blossoming altar of Fedhas.
  1346 | D:2      | Found a deep blue altar of Sif Muna.
  1350 | D:2      | Found a hide-covered altar of Uskayaw.
  1350 | D:2      | Found a bloodstained altar of Trog.
  1361 | D:2      | Found a snail-covered altar of Cheibriados.
  1365 | D:2      | Found a sparkling altar of Nemelex Xobeh.
  1677 | D:2      | Found a glowing golden altar of the Shining One.
  1803 | D:3      | Reached XP level 4. HP: 34/40 MP: 3/3
  1827 | D:3      | HP: 1/40 [something/puff of flame (7)]
  1828 | D:3      | Mangled by an orc

Vault maps used:
D:1:      dpeg_arrival_pits
D:2:      nicolae_dithmenos_through_a_glass_darkly,
          nicolae_tso_swordbearing_angel, lemuel_crystal_altar,
          minmay_overflow_temple_star_hex, chequers_ecumenical_altar_grove,
          first_ration
D:3:      minmay_checkerbox

Skill      XL: |  1  2  3 |
---------------+----------+-----
Axes           | 3 |  3.7
Armour         | 4 |  4.5
Shields        | 4 |  4.1
Fighting       | 4 |  4.1

Action                   |  1- 3 |  4- 6 || total
-------------------------+-------+-------++-------
Melee: War axe           |    84 |    11 ||    95
       Headbutt          |    16 |     2 ||    18
  Eat: Ration            |     1 |       ||     1
Armor: Scale mail        |    28 |    15 ||    43
Dodge: Dodged            |    28 |     5 ||    33
Block: Shield            |    45 |     2 ||    47

Table legend:
 A = Spawn XP
 B = Non-spawn XP
 C = Spawn XP percentage of total XP
 D = Spawn monster count
 E = Non-spawn monster count
 F = Spawn count percentage of total count
 G = Total turns spent on level
                    A         B        C        D         E        F      G
               +---------+---------+-------+---------+---------+-------+---------
         Total |       0 |     112 |   0.0 |       0 |      39 |   0.0 |  1828
               +---------+---------+-------+---------+---------+-------+---------
           D:1 |       0 |      23 |   0.0 |       0 |      14 |   0.0 |   682
           D:2 |       0 |      61 |   0.0 |       0 |      17 |   0.0 |  1031
           D:3 |       0 |      28 |   0.0 |       0 |       8 |   0.0 |   115
               +---------+---------+-------+---------+---------+-------+---------
